 Dungeon Crawl Stone Soup version 0.26.0-7-g794d0892b4 (webtiles) character file.

Game seed: 11747701079986500852

51 oldmanjim the Chopper (level 3, 0/34 HPs)
             Began as a Hill Orc Monk on Jan 11, 2021.
             Shot with an arrow by a centaur (5 damage)
             ... on level 3 of the Dungeon.
             The game lasted 00:10:02 (1670 turns).

oldmanjim the Chopper (Hill Orc Monk)               Turns: 1670, Time: 00:10:03

Health: 0/34       AC:  5    Str: 14    XL:     3   Next: 83%
Magic:  3/3        EV: 11    Int: 10    God:
Gold:   138        SH:  0    Dex: 13    Spells: 2/2 levels left

rFire    . . .     SeeInvis .   a - +0 hand axe
rCold    . . .     Faith    .   (no shield)
rNeg     . . .     Spirit   .   g - +0 ring mail
rPois    .         Reflect  .   (no helmet)
rElec    .         Harm     .   (no cloak)
rCorr    .         Rampage  .   (no gloves)
Will     .....                  (no boots)
Stlth    +.........             (no amulet)
HPRegen  0.11/turn              (no ring)
MPRegen  0.08/turn              (no ring)

@: no status effects
A: no striking features
a: no special abilities


You were on level 3 of the Dungeon.
You visited 1 branch of the dungeon, and saw 3 of its levels.

You collected 138 gold pieces.

Inventory:

Hand Weapons
 a - a +0 hand axe (weapon)
 b - a +0 hunting sling
Missiles
 c - 77 stones (quivered)
Armour
 g - a +0 ring mail (worn)
 h - a cursed +0 chain mail
 i - a +0 robe
Scrolls
 d - 2 scrolls of teleportation {unknown}
 f - 4 scrolls of identify {unknown}
 j - a scroll of fog {unknown}
 k - a scroll of remove curse {unknown}
Potions
 e - a potion of cancellation {unknown}
 l - a potion of attraction {unknown}


   Skills:
 + Level 4.6 Fighting
 + Level 5.2 Axes
 - Level 2.4 Dodging
 - Level 1.5 Stealth


You had 2 spell levels left.
You didn't know any spells.
Your spell library was empty.

Dungeon Overview and Level Annotations

Branches:
Dungeon (3/15)

Altars:
Ashenzari
Nemelex Xobeh
Qazlal
The Shining One


Message History

There is an entrance to a sewer on this level.
Hurry and find it before the portal rusts away!
A goblin and a centaur come into view.
The goblin shouts!
The centaur shouts!
Found a spear and 2 scrolls labelled QARUFEMPYM.
Found three altars.
There is a stone staircase leading up here.
b - a +0 hunting sling (weapon)
a - a +0 hand axe (weapon)
The goblin hits you.
You hit the goblin but do no damage. The goblin hits you but does no damage.
You hit the goblin.
You kill the goblin!
The centaur wields a +0 shortbow.
The centaur shoots an arrow.
The arrow misses you.
The centaur shoots an arrow.
The arrow hits you!
The centaur shoots an arrow.
The arrow hits you!
* * * LOW HITPOINT WARNING * * *
Things that are here:
an arrow; a goblin corpse The centaur shoots an arrow.
The arrow hits you.
You die...

#.# #.# .#P# .#.
#######.#####
#####............
...........).....
#.<(@.c.....
#...........
#.#....._...
#.#.....8_..
..#....._...
.#.#.........
..#.#......... ..
#.#.....?...


You could see a centaur.

Vanquished Creatures
  An adder (D:2)
  A worm (D:2)
  3 dart slugs (D:1)
  A leopard gecko (D:2)
  3 bats (D:1)
  A giant cockroach (D:2)
  2 goblins
  6 hobgoblins
  6 jackals (D:1)
  2 kobolds
  3 rats
29 creatures vanquished.

Notes
Turn   | Place    | Note
-------+----------+-------------------------------------------
     0 | D:1      | oldmanjim the Hill Orc Monk began the quest for the Orb.
     0 | D:1      | Reached XP level 1. HP: 19/19 MP: 1/1
   126 | D:1      | Reached XP level 2. HP: 27/27 MP: 2/2
   521 | D:1      | Reached XP level 3. HP: 30/33 MP: 3/3
   781 | D:2      | Reached skill level 5 in Axes
   949 | D:2      | Found a broken altar of Ashenzari.
   967 | D:2      | Found a faded altar of an unknown god.
  1664 | D:3      | Found a glowing golden altar of the Shining One.
  1664 | D:3      | Found a stormy altar of Qazlal.
  1664 | D:3      | Found a sparkling altar of Nemelex Xobeh.
  1664 | D:3      | Noticed a centaur
  1670 | D:3      | Shot with an arrow by a centaur

Illustrated notes

Levels and vault maps discovered:
D:1:      lightli_arrival_statue_moat, layout_basic
D:2:      layout_basic, nicolae_ashenzari_panopticon,
          chequers_ecumenical_altar_simple
D:3:      layout_rooms, nicolae_overflow_crystal_walls, old_standard_altar,
          chequers_temple_overflow_statue_of_worship, serial_aquarium,
          aquarium_bridge_square [aquarium_subvault_window,
          aquarium_subvault_wall, aquarium_subvault_bridge,
          aquarium_subvault_wall], aquarium_window_1, aquarium_window_3,
          aquarium_window_fake, aquarium_window_fake, aquarium_view_2d,
          gup_sewer_entry_pipe, minivault_4

Skill      XL: |  1  2  3 |
---------------+----------+-----
Fighting       | 4 |  4.6
Axes           | 5 |  5.2
Dodging        | |  2.4
Stealth        | |  1.5

Action                   || total
-------------------------++-------
Melee: Hand axe          ||    99
 Fire: Hunting sling     ||    16
 Stab: Sleeping          ||     2
Armor: Robe              ||    13
       Ring mail         ||     5
Dodge: Dodged            ||    78
